Map: Thunderbird LE

Players

GameOfDrones - Winner!

  • Race: Zerg Zerg
  • League: Platinum
  • Spawn Location: 11:00

pHARM

  • Race: Zerg Zerg
  • League: Platinum
  • Spawn Location: 5:00

VOD

Have the link to the VOD?

Description

Time

  • Played on: Sept. 1, 2019, 10:19 a.m.
  • Length: 5:04
Show
View Real Time Build Order
Export as new Build Order

GameOfDrones Zerg - Winner!

Build Orders: Hatch First 

Get SALT Encoding   

  12  0:06  Drone  
  13  0:08  Drone  
  13  0:14  Extractor  
  13  0:17  Extractor  
  13  0:19  Drone  
  13  0:23  Drone  
  16  0:40  Extractor  
  15  0:48  Hatchery  
  14  1:05  Spawning Pool  
  14  1:09  Drone  
  14  1:16  Overlord  
  14  1:27  Overlord  
  14  1:36  Overlord  
  14  1:42  Drone  
  14  1:45  Drone  
  16  1:55  Overlord  
  16  2:05  Metabolic Boost  
  16  2:14  Queen  
  18  2:21  Overlord  
  18  2:28  Zergling x4  
  20  2:37  Queen  
  22  2:45  Zergling x2  
  22  2:46  Zergling x2  
  22  2:50  Zergling x2  
  25  3:05  Overlord  
  25  3:07  Zergling x4  
  25  3:10  Zergling x4  
  29  3:18  Zergling x2  
  29  3:19  Zergling x2  
  31  3:28  Zergling x2  
  32  3:38  Zergling x8  
  36  3:46  Zergling x8  
  40  3:49  Zergling x2  
  40  3:51  Zergling x2  
  40  3:53  Zergling x2  
  43  4:07  Zergling x2  
  44  4:10  Zergling x6  
  44  4:11  Zergling x2  
  48  4:19  Zergling x8  
Show
View Real Time Build Order
Export as new Build Order

pHARM Zerg 

Build Orders: Hatch First 

Get SALT Encoding   

  12  0:01  Drone  
  13  0:12  Overlord  
  13  0:16  Drone  
  14  0:31  Drone x2  
  16  0:55  Hatchery  
  15  0:58  Drone x2  
  15  1:01  Drone  
  18  1:18  Spawning Pool  
  17  1:20  Drone  
  17  1:22  Drone  
  19  1:39  Drone  
  20  1:44  Extractor  
  19  1:54  Overlord, Drone  
  20  2:08  Queen x2  
  22  2:13  Drone x2  
  26  2:20  Drone  
  26  2:21  Drone  
  28  2:41  Drone x2  
  28  2:42  Drone x2  
  32  2:48  Metabolic Boost  
  32  2:50  Drone  
  32  2:51  Drone  
  34  3:08  Drone  
  34  3:09  Drone  
  36  3:15  Evolution Chamber  
  36  3:18  Roach Warren, Queen  
  36  3:20  Evolution Chamber  
  36  3:22  Lair  
  36  3:25  Drone  
  36  3:26  Overlord  
  36  3:27  Overlord x3  
  36  3:46  Drone  
  36  3:47  Drone x3  
  40  3:51  Hatchery  
  39  4:03  Drone  
  39  4:04  Drone x6  
  39  4:06  Extractor  
  39  4:07  Extractor  
  44  4:24  Roach x2  
  44  4:26  Roach  
  50  4:34  Evolution Chamber  
  50  4:35  Evolution Chamber  
  48  4:41  Roach  
  48  4:42  Roach x2  
Tags
 
Add a new tag
Caveats
  • Supply blocks, unpowered buildings, or Contaminate may cause inaccurate times.
  • Supply counts are checked every 10 seconds.